[Event "Late-Titled-Tuesday-Blitz-March-12-2024"]
[Site "Chess.com"]
[Date "2024.03.12"]
[Round "4"]
[White "scrambleyourbrain"]
[Black "TokChess"]
[Result "1/2-1/2"]
[WhiteElo "2404"]
[BlackElo "2595"]
[TimeControl "180+1"]
[EndTime "14:40:50 PDT"]
[Termination "Game drawn by agreement"]

1. e4 c6 2. Nc3 d5 3. Nf3 Bg4 4. h3 Bxf3 5. Qxf3 e6 6. d3 d4 7. Ne2 Bb4+ 8. c3 dxc3 9. bxc3 Ba5 10. d4 Nd7 11. Bd2 Ne7 12. Ng3 c5 13. Qd3 cxd4 14. cxd4 Nc6 15. Be2 Nf6 16. Rd1 O-O 17. O-O Nxd4 18.
Bxa5 Nxe2+ 19. Qxe2 Qxa5 20. e5 Nd5 21. Ne4 Rfd8 22. Rb1 b6 23. Rfc1 Nf4 24. Qf3 Qxe5 25. Ng3 Rac8 26. Re1 Qf6 27. Ne4 Qh6 28. Rb3 Nd5 29.
Ra3 a5 30. Rb3 Rc2 31. a3 Rc1 32. Rxc1 Qxc1+ 33. Kh2 Qc4 34. Nd2 Qc7+ 35. g3 h6 36. h4 Nf6 37. Nf1 Qc5 38. Ne3 b5 39. Ng2 b4 40. axb4 axb4 41. Nf4 e5 42. Nd3 Qd4 43. Nxb4 e4 44. Qe2 Qd2 45. Rb2 Qc3 46. Na2 Qd4 47.
Nc1 h5 48. Nb3 Qd3 49. Nc5 Qd5 50. Nb3 Ng4+ 51. Kg1 Ne5 52. Nd2 f5 53. Rb5 Qxd2 54. Qxd2 Rxd2 55. Rxe5 g6 56. Re7 Rd6 57. Ra7 Rf6 58. Kg2 Rf7 59. Ra6 Kg7 60. f3 Rf6 61.
Ra7+ Rf7 62. Ra6 exf3+ 63. Kxf3 Re7 64. Kf4 Re4+ 65. Kf3 Rg4 66. Ra7+ Kf6 67. Ra6+ Ke5 68. Ra5+ Kd4 69. Ra4+ Kd3 70. Ra3+ Kd4 71. Ra4+ Kc5 72.
Ra5+ Kb6 73. Ra1 Rc4 74. Rb1+ Kc6 75. Re1 Kd6 76. Rd1+ Ke5 77. Re1+ Kf6 78. Rd1 Rc3+ 79. Kf4 Rc4+ 80. Kf3 Rg4 81. Rd6+ Ke7 82. Ra6 f4 83.
gxf4 Kf7 84. Ra7+ Kf6 85. Ra6+ Kg7 86. Ra7+ Kh6 87. Ra6 Rxh4 88. f5 Rg4 89. f6 Rg5 90.
Kf4 Rf5+ 91. Kg3 Kg5 92. Ra4 Rxf6 93. Ra5+ Rf5 94. Ra4 Rd5 95. Re4 Rd3+ 96. Kg2 h4 97. Kh2 Kf5 98. Rxh4 Rd2+ 99. Kg3 Rd3+ 100. Kf2 g5 101.
Ra4 g4 102. Kg2 Rd2+ 103. Kg3 Rd3+ 104. Kg2 Kg5 105. Ra2 Kh4 106. Re2 Rg3+ 107. Kh2 Rb3 108. Kg2 Kg5 109. Ra2 Kf4 110. Ra4+ Kg5 111. Ra2 Rc3 112. Rd2 Re3 113. Ra2 Kf4 114. Rf2+ Kg5 115. Ra2 Kh4 116. Rb2 Rh3 117. Ra2 Rg3+ 118. Kh2 Rf3 119. Kg2 Rf4 120. Rb2 g3 121. Ra2 Kg4 122. Rb2 Re4 123. Rc2 Kf4 1/2-1/2

[Event "Late-Titled-Tuesday-Blitz-March-12-2024"]
[Site "Chess.com"]
[Date "2024.03.12"]
[Round "5"]
[White "ccccvhhhj"]
[Black "DraningWaterHi"]
[Result "1-0"]
[WhiteElo "2462"]
[BlackElo "2234"]
[TimeControl "180+1"]
[EndTime "14:48:10 PDT"]
[Termination "ccccvhhhj won by resignation"]

1. e4 c5 2. Nf3 d6 3. d4 cxd4 4. Nxd4 Nf6 5. Nc3 e6 6. Be2 Be7 7. O-O a6 8. Be3 b5 9. Bf3 Bb7 10. e5 Bxf3 11. Qxf3 dxe5 12. Qxa8 exd4 13. Rad1 1-0

[Event "Late-Titled-Tuesday-Blitz-March-12-2024"]
[Site "Chess.com"]
[Date "2024.03.12"]
[Round "5"]
[White "1g60-1"]
[Black "ACollins05"]
[Result "0-1"]
[WhiteElo "2323"]
[BlackElo "2558"]
[TimeControl "180+1"]
[EndTime "14:49:07 PDT"]
[Termination "ACollins05 won by resignation"]

1. e4 c5 2. Nf3 d6 3. d4 cxd4 4.
Nxd4 Nf6 5. Nc3 Nc6 6. f3 e5 7.
Nb3 Be6 8. Be3 d5 9. exd5 Nxd5 10. Nxd5 Qxd5 11. Qxd5 Bxd5 12. O-O-O O-O-O 13. Bb5 a6 14. Bxc6 Bxc6 15. Na5 Rxd1+ 16. Rxd1 Kc7 17. Nxc6 Kxc6 18. Rd8 g6 19. Re8 Bg7 20. Re7 Rf8 21. c4 Bf6 0-1

[Event "Late-Titled-Tuesday-Blitz-March-12-2024"]
[Site "Chess.com"]
[Date "2024.03.12"]
[Round "5"]
[White "baki83"]
[Black "Skatchkov_V"]
[Result "1-0"]
[WhiteElo "2847"]
[BlackElo "2675"]
[TimeControl "180+1"]
[EndTime "14:49:45 PDT"]
[Termination "baki83 won by resignation"]

1. e4 e5 2. Nf3 Nf6 3. Nxe5 d6 4.
Nf3 Nxe4 5. d3 Nf6 6. d4 g6 7. Bd3 Bg7 8. O-O O-O 9. h3 c5 10. Nc3 Nc6 11. dxc5 dxc5 12. Bf4 Be6 13. Re1 Qb6 14. Ng5 Nd5 15. Nxd5 Bxd5 16. Bxg6 Be6 17. Bxh7+ 1-0

[Event "Late-Titled-Tuesday-Blitz-March-12-2024"]
[Site "Chess.com"]
[Date "2024.03.12"]
[Round "5"]
[White "Zohid6"]
[Black "jefferyx"]
[Result "1/2-1/2"]
[WhiteElo "2901"]
[BlackElo "3088"]
[TimeControl "180+1"]
[EndTime "14:50:28 PDT"]
[Termination "Game drawn by repetition"]

1. e4 e5 2. Nf3 Nc6 3. Bb5 Nf6 4. O-O Nxe4 5. d4 Nd6 6. dxe5 Nxb5 7. a4 d6 8. axb5 Nxe5 9. Re1 Be7 10. Nxe5 dxe5 11.
Qxd8+ Bxd8 12. Rxe5+ Be6 13. Nc3 Bf6 14. Re1 Bxc3 15.
bxc3 O-O 16. Bf4 Rfc8 17. Ra4 c6 18. Rea1 cxb5 19. Rxa7 Rxa7 20. Rxa7 Rxc3 21. Rxb7 Rxc2 22. Rxb5 h6 23. h4 Rc8 24. Be3 Rd8 25. Rb1 Rc8 26.
Rc1 Rxc1+ 27. Bxc1 Kh7 28. f3 Kg8 29. Kf2 Kh7 30.
Kg1 Kg8 31. Kf2 Kh7 32. Kg1 1/2-1/2

[Event "Late-Titled-Tuesday-Blitz-March-12-2024"]
[Site "Chess.com"]
[Date "2024.03.12"]
[Round "5"]
[White "Machidon"]
[Black "wannabe2700"]
[Result "1-0"]
[WhiteElo "2505"]
[BlackElo "2601"]
[TimeControl "180+1"]
[EndTime "14:50:29 PDT"]
[Termination "Machidon won by resignation"]

1. d4 f5 2. g3 Nf6 3. Bg2 g6 4.
Nd2 Bg7 5. e4 d6 6. exf5 gxf5 7.
Ngf3 O-O 8. O-O Nc6 9. Nc4 Kh8 10.
Re1 e6 11. Ng5 Ne4 12. Bxe4 fxe4 13. Qh5 h6 14. Nf7+ Rxf7 15. Qxf7 Nxd4 16. Rxe4 Nxc2 17. Rh4 Qf6 18. Rxh6+ Qxh6 19. Bxh6 Bxh6 20. Rd1 e5 21. Qg6 1-0

[Event "Late-Titled-Tuesday-Blitz-March-12-2024"]
[Site "Chess.com"]
[Date "2024.03.12"]
[Round "5"]
[White "YEIKO2017"]
[Black "enriquebutti"]
[Result "1-0"]
[WhiteElo "2441"]
[BlackElo "2226"]
[TimeControl "180+1"]
[EndTime "14:50:31 PDT"]
[Termination "YEIKO2017 won by resignation"]

1. e4 e6 2. Nf3 d5 3. e5 c5 4. b4 cxb4 5. d4 Nc6 6. a3 b3 7.
cxb3 Nge7 8. Bd3 Nf5 9. Be3 Be7 10. O-O O-O 11. b4 f6 12. b5 Na5 13. Nbd2 fxe5 14. Nxe5 Bd6 15. Ndf3 Nh4 16. Bxh7+ Kxh7 17. Ng5+ 1-0

[Event "Late-Titled-Tuesday-Blitz-March-12-2024"]
[Site "Chess.com"]
[Date "2024.03.12"]
[Round "5"]
[White "Kosak12"]
[Black "rdarruda"]
[Result "1-0"]
[WhiteElo "2785"]
[BlackElo "2550"]
[TimeControl "180+1"]
[EndTime "14:50:32 PDT"]
[Termination "Kosak12 won by resignation"]

1. d4 Nf6 2. Bf4 d6 3. h3 Nbd7 4. Nf3 c5 5. e3 g6 6. c3 Bg7 7. Bh2 b6 8. Bd3 Bb7 9. Nbd2 O-O 10.
O-O Qc7 11. e4 e5 12. dxe5 Nxe5 13. Nxe5 dxe5 14. Qe2 Rfe8 15. Ba6 Rad8 16. Bxb7 Qxb7 17. Rfe1 b5 18. a4 a6 19. axb5 axb5 20. b3 Rd6 21. Ra5 Rb6 22. Rea1 Nh5 23. Ra7 Qc6 24. Nf1 Nf4 25.
Qf3 c4 26. b4 Qf6 27. Ne3 Rd6 28. Ra8 Rdd8 29. Rxd8 Rxd8 30. Bxf4 exf4 31. Nd5 Qe5 32. Ra7 Re8 33. Rb7 g5 34. Rxb5 Qxe4 35. Qxe4 Rxe4 36. Rb8+ 1-0

[Event "Late-Titled-Tuesday-Blitz-March-12-2024"]
[Site "Chess.com"]
[Date "2024.03.12"]
[Round "5"]
[White "ArturoCaceres"]
[Black "Viktor_Poddubnyi"]
[Result "1-0"]
[WhiteElo "2448"]
[BlackElo "2269"]
[TimeControl "180+1"]
[EndTime "14:50:44 PDT"]
[Termination "ArturoCaceres won by resignation"]

1. e4 g6 2. d4 Bg7 3. h4 d5 4. e5 c5 5. c3 Nc6 6. h5 Bf5 7. g4 Be4 8. f3 Bxb1 9. Rxb1 cxd4 10. cxd4 Qb6 11. Be3 Bxe5 12. Ne2 e6 13. Qd2 Bg7 14.
b4 Nge7 15. b5 Na5 16. Nc3 O-O-O 17. Na4 Qc7 18. b6 1-0

[Event "Late-Titled-Tuesday-Blitz-March-12-2024"]
[Site "Chess.com"]
[Date "2024.03.12"]
[Round "5"]
[White "TokChess"]
[Black "GilbertoHernandezAmura"]
[Result "1-0"]
[WhiteElo "2600"]
[BlackElo "2453"]
[TimeControl "180+1"]
[EndTime "14:50:54 PDT"]
[Termination "TokChess won by resignation"]

1. c4 Nf6 2. g3 g6 3. Bg2 Bg7 4. Nc3 O-O 5. Nf3 d6 6. Rb1 a5 7. d3 Nc6 8. a3 Bd7 9. O-O Qc8 10. b4 Bh3 11. b5 Bxg2 12. Kxg2 Nb8 13. Bg5 Nbd7 14. Qc2 h6 15. Bd2 e5 16. h3 Nc5 17.
Be3 b6 18. Bxc5 bxc5 19. b6 cxb6 20. Rxb6 Nd7 21. Rb5 f5 22. Nd5 Nf6 23. Ne7+ 1-0

[Event "Late-Titled-Tuesday-Blitz-March-12-2024"]
[Site "Chess.com"]
[Date "2024.03.12"]
[Round "5"]
[White "dropstoneDP"]
[Black "Yeritsyaan"]
[Result "1/2-1/2"]
[WhiteElo "2976"]
[BlackElo "2653"]
[TimeControl "180+1"]
[EndTime "14:51:06 PDT"]
[Termination "Game drawn by repetition"]

1. e4 c5 2. Nf3 d6 3. d4 cxd4 4.
Nxd4 Nf6 5. Nc3 g6 6. Be3 Bg7 7. f3 O-O 8. Qd2 Nc6 9. O-O-O d5 10. Nxc6 bxc6 11. Bc4 Be6 12. Bb3 a5 13. Bh6 a4 14.
Nxa4 dxe4 15. Bxg7 Qxd2+ 16. Rxd2 Kxg7 17. Bxe6 Rxa4 18.
Bb3 Ra5 19. fxe4 Nxe4 20. Rd7 Nc5 21. Rxe7 Nxb3+ 22. cxb3 Rxa2 23. Kc2 Ra5 24. Rf1 h5 25. h4 Rc5+ 26. Kb1 Rd5 27. Kc2 Rc5+ 28. Kb1 Rd5 29. Kc2 Rc5+ 1/2-1/2

[Event "Late-Titled-Tuesday-Blitz-March-12-2024"]
[Site "Chess.com"]
[Date "2024.03.12"]
[Round "5"]
[White "Yushko_Olga"]
[Black "bazar-wokzal"]
[Result "0-1"]
[WhiteElo "2194"]
[BlackElo "2562"]
[TimeControl "180+1"]
[EndTime "14:51:09 PDT"]
[Termination "bazar-wokzal won by resignation"]

1. d4 Nf6 2. c4 Nc6 3. Nf3 e6 4. Nc3 Bb4 5. Bg5 h6 6. Bh4 g5 7. Bg3 Ne4 8. Qc2 d5 9. e3 h5 10.
cxd5 exd5 11. h4 g4 12. Ne5 Bxc3+ 13. bxc3 Nxg3 14. fxg3 Nxe5 15. dxe5 Qe7 16. c4 Qxe5 17. Rd1 Qxg3+ 18. Qf2 Qxf2+ 19. Kxf2 dxc4 20. Bxc4 Be6 21. Bxe6 fxe6 22. Rc1 O-O-O 23. Rc2 Rhf8+ 24. Kg3 Rd3 25. Re1 b6 26. Rc6 Kd7 27. Rc4 c5 28. Ra4 a5 29. Re4 b5 30. Rc1 Kd6 31. Rb1 Kd5 32.
Rf4 Rxe3+ 0-1

[Event "Late-Titled-Tuesday-Blitz-March-12-2024"]
[Site "Chess.com"]
[Date "2024.03.12"]
[Round "5"]
[White "AlexPapasimakopoulos"]
[Black "WindWhistler11"]
[Result "1-0"]
[WhiteElo "2695"]
[BlackElo "2527"]
[TimeControl "180+1"]
[EndTime "14:51:10 PDT"]
[Termination "AlexPapasimakopoulos won by resignation"]

1. d4 e6 2. c4 Nf6 3. Nc3 c5 4. d5 exd5 5. cxd5 Bd6 6. Bg5 O-O 7. Nf3 Re8 8. e3 h6 9. Bh4 Bf8 10. Be2 d6 11. Nd2 a6 12. a4 Nbd7 13. O-O Qc7 14. Bg3 Rb8 15. a5 g6 16. Nc4 Ne4 17. Qc2 Nxg3 18. hxg3 b5 19. axb6 Nxb6 20. Na5 Bg7 21. Rfd1 Bb7 22. Nxb7 Rxb7 23. Bxa6 Rbb8 24. Bb5 Red8 25.
Bc6 Nc8 26. Ra6 Rb6 27. Rda1 Rxa6 28. Rxa6 Ne7 29. Nb5 Qc8 30. Ra8 1-0

[Event "Late-Titled-Tuesday-Blitz-March-12-2024"]
[Site "Chess.com"]
[Date "2024.03.12"]
[Round "5"]
[White "MikaelyanArman"]
[Black "Bryanl106"]
[Result "1-0"]
[WhiteElo "2833"]
[BlackElo "2659"]
[TimeControl "180+1"]
[EndTime "14:51:11 PDT"]
[Termination "MikaelyanArman won by resignation"]

1. Nf3 Nf6 2. e3 g6 3. b3 Bg7 4.
Bb2 O-O 5. Be2 d6 6. d4 a5 7. O-O a4 8. c4 Nc6 9. Nbd2 e5 10.
dxe5 Ng4 11. Rb1 Ngxe5 12. Nxe5 dxe5 13. Ne4 Qxd1 14. Rfxd1 axb3 15. axb3 Bf5 16. Bf3 h5 17. Ra1 Bg4 18. Bxg4 hxg4 19. Bc3 Rxa1 20. Rxa1 Rd8 21.
Kf1 Kh7 22. Ke2 Kh6 23. b4 f5 24. Nc5 Nd4+ 25. exd4 exd4 26. Bd2+ Kh7 27. Kd3 Re8 28. Re1 Rxe1 29. Bxe1 b6 30. Ne6 Be5 31. g3 1-0

[Event "Late-Titled-Tuesday-Blitz-March-12-2024"]
[Site "Chess.com"]
[Date "2024.03.12"]
[Round "5"]
[White "Sajkochess"]
[Black "Jarming"]
[Result "0-1"]
[WhiteElo "2345"]
[BlackElo "2656"]
[TimeControl "180+1"]
[EndTime "14:51:20 PDT"]
[Termination "Jarming won by checkmate"]

1. e4 c5 2. Nf3 d6 3. d4 cxd4 4. Nxd4 Nf6 5. Nc3 g6 6. g3 Bg7 7. Bg2 O-O 8. O-O Nc6 9. Nde2 Rb8 10. a4 a6 11. Nd5 Nd7 12. c3 b5 13. axb5 axb5 14.
Nd4 Nxd4 15. cxd4 e6 16. Ne3 Qb6 17. Nc2 b4 18. Be3 b3 19. Na3 Qb4 20. Qe1 Bxd4 21. Qxb4 Rxb4 22. Bxd4 Rxd4 23. Nb5 Rd2 24. Nxd6 Rxd6 25.
Ra3 Nc5 26. Rc1 Nd3 27. Rd1 Rfd8 28. Rxb3 Ba6 29. e5 Nxe5 30. Rxd6 Rxd6 31. f4 Rd1+ 32. Kf2 Rd2+ 33. Kg1 Ng4 34. Bf3 Nxh2 35. Bb7 Bxb7 36. Rxb7 Nf3+ 37. Kf1 h5 38. b4 Rb2 39. b5 Kg7 40. b6 e5 41. Rb8 e4 42. b7 e3 43. Re8 Rf2# 0-1

[Event "Late-Titled-Tuesday-Blitz-March-12-2024"]
[Site "Chess.com"]
[Date "2024.03.12"]
[Round "5"]
[White "AlexTruskavetsky"]
[Black "VojtechPlat"]
[Result "0-1"]
[WhiteElo "2685"]
[BlackElo "2869"]
[TimeControl "180+1"]
[EndTime "14:51:28 PDT"]
[Termination "VojtechPlat won by resignation"]

1. d4 d6 2. e4 Nf6 3. Nc3 e5 4. f4 exd4 5. Qxd4 Nc6 6. Qd1 Be7 7. Nf3 O-O 8. Bd3 Re8 9. O-O Bf8 10. h3 g6 11. Be3 Bg7 12. Bf2 Nh5 13. Ne2 Bxb2 14. Rb1 Bg7 15. g4 Nf6 16. Ng3 Nxg4 17. hxg4 Bxg4 18. Kg2 Qf6 19. Qd2 d5 20. Nd4 Nxd4 21. e5 Bf3+ 22. Kh3 Qe6+ 23. Kh2 Qg4 24. Be1 Bh6 25.
Be4 dxe4 26. Qxd4 Rad8 27. Qg1 Bxf4 0-1

[Event "Late-Titled-Tuesday-Blitz-March-12-2024"]
[Site "Chess.com"]
[Date "2024.03.12"]
[Round "5"]
[White "crazyluzhinTh3"]
[Black "Supergiuly"]
[Result "1-0"]
[WhiteElo "2571"]
[BlackElo "2364"]
[TimeControl "180+1"]
[EndTime "14:51:29 PDT"]
[Termination "crazyluzhinTh3 won by resignation"]

1. e4 g6 2. d4 Bg7 3. Nf3 e6 4. Nc3 Ne7 5. Be3 O-O 6. h4 h5 7. Qd2 d5 8. Bh6 dxe4 9. Nxe4 b6 10. Bxg7 Kxg7 11. O-O-O Bb7 12. Neg5 Nbc6 13. Kb1 Nf5 14.
c3 a5 15. Bd3 a4 16. a3 Na5 17. Qc2 Bd5 18. Qe2 Qd7 19. Ne5 Qe7 20. g4 hxg4 21. Qxg4 Bxh1 22. Rxh1 Nh6 23. Qg2 Rad8 24. Ngxf7 Rxf7 25. Qxg6+ Kf8 26. Qxh6+ Ke8 27. Bg6 1-0

[Event "Late-Titled-Tuesday-Blitz-March-12-2024"]
[Site "Chess.com"]
[Date "2024.03.12"]
[Round "5"]
[White "Rutricks"]
[Black "ChessLover0108"]
[Result "0-1"]
[WhiteElo "2721"]
[BlackElo "2947"]
[TimeControl "180+1"]
[EndTime "14:51:33 PDT"]
[Termination "ChessLover0108 won by resignation"]

1. Nc3 d5 2. d4 Bf5 3. f3 e6 4. e4 Bg6 5. Be3 Nf6 6. Qd2 dxe4 7. Kd1 Bb4 8. Nge2 exf3 9. gxf3 Nc6 10. a3 Ba5 11. b4 Bb6 12. Ke1 O-O 13. Rd1 a5 14. b5 Ne7 15. a4 Nf5 16. Bf2 Nd5 17. Ne4 c6 18. c4 Nb4 19. c5 Bc7 20. b6 Bb8 21.
Bh3 Nh4 22. Qc3 Nd5 23. Qb3 e5 24. dxe5 Bxe5 25. f4 Bxe4 0-1

[Event "Late-Titled-Tuesday-Blitz-March-12-2024"]
[Site "Chess.com"]
[Date "2024.03.12"]
[Round "5"]
[White "matagordo"]
[Black "Lady_Nika"]
[Result "0-1"]
[WhiteElo "2307"]
[BlackElo "2569"]
[TimeControl "180+1"]
[EndTime "14:51:37 PDT"]
[Termination "Lady_Nika won by resignation"]

1. d4 d5 2. Bf4 e6 3. e3 Bd6 4. Nf3 f5 5. Ne5 Nf6 6. Nd2 O-O 7. Bd3 Nbd7 8. Qf3 Ne4 9. Qh3 Nxd2 10. Kxd2 Nxe5 11. dxe5 Be7 12. g4 c5 13. gxf5 exf5 14.
Rhg1 c4 15. Bh6 Rf7 16. Bxg7 Rxg7 17. Bxf5 Bxf5 18. Rxg7+ Kxg7 19. Qxf5 Qf8 20. Qg4+ Kh8 21. f4 Qh6 22. h3 Rg8 23. Qf3 Qe6 24. Rf1 Bc5 25.
c3 b5 26. a3 Bb6 27. Rf2 Qf5 28.
Kc1 Rg1+ 29. Rf1 Bxe3+ 0-1

[Event "Late-Titled-Tuesday-Blitz-March-12-2024"]
[Site "Chess.com"]
[Date "2024.03.12"]
[Round "5"]
[White "As0nchess"]
[Black "dealshark"]
[Result "0-1"]
[WhiteElo "2541"]
[BlackElo "2351"]
[TimeControl "180+1"]
[EndTime "14:51:44 PDT"]
[Termination "dealshark won by resignation"]

1. Nf3 d6 2. g3 Nf6 3. Bg2 g6 4.
O-O Bg7 5. d4 O-O 6. c4 Bd7 7.
Nc3 Qc8 8. e4 Bh3 9. Re1 Bxg2 10. Kxg2 c5 11. d5 a6 12. a4 Nbd7 13. h3 Ne8 14.
Bg5 f6 15. Be3 Nc7 16. a5 b5 17. axb6 Nxb6 18. Qd3 Qb7 19. Ra3 Nd7 20. b3 Ne5 21. Nxe5 fxe5 22. Rea1 Rf7 23. h4 Raf8 24. h5 Qc8 25. h6 Bxh6 26. Qe2 Bxe3 27. Qxe3 Rxf2+ 28. Qxf2 Rxf2+ 29. Kxf2 Qh3 30. Rg1 Qh2+ 31. Rg2 Qh1 32. Rg1 Qh6 33. Ra2 Kg7 34. Re2 Qh2+ 35. Rg2 Qh5 36. Re3 Qg4 37. Rf3 Ne8 38. Rh2 Nf6 39.
Rh4 Qg5 40. Ke2 Qc1 41. Rh2 Qc2+ 0-1

[Event "Late-Titled-Tuesday-Blitz-March-12-2024"]
[Site "Chess.com"]
[Date "2024.03.12"]
[Round "5"]
[White "2L8IWUN"]
[Black "TheAlienParty"]
[Result "0-1"]
[WhiteElo "2171"]
[BlackElo "2392"]
[TimeControl "180+1"]
[EndTime "14:51:50 PDT"]
[Termination "TheAlienParty won by resignation"]

1. d4 Nf6 2. Nf3 e6 3. Bf4 c5 4. e3 Nc6 5. Nbd2 d5 6. c3 Bd6 7.
Bg3 b6 8. Bb5 Bb7 9. Qa4 Qc7 10.
Bxd6 Qxd6 11. Ne5 Rc8 12. Bxc6+ Bxc6 13. Qxa7 O-O 14. Qxb6 c4 15. O-O Nd7 16. Nxd7 Qxd7 17. Nf3 Rb8 18. Qc5 f6 19. Rfb1 Rb5 20. Qa3 Ra8 0-1

[Event "Late-Titled-Tuesday-Blitz-March-12-2024"]
[Site "Chess.com"]
[Date "2024.03.12"]
[Round "5"]
[White "mishanick"]
[Black "Rud_2008"]
[Result "1-0"]
[WhiteElo "3104"]
[BlackElo "2775"]
[TimeControl "180+1"]
[EndTime "14:51:51 PDT"]
[Termination "mishanick won by resignation"]

1. d4 Nf6 2. c4 e6 3. Nc3 d5 4.
Bg5 Be7 5. e3 c6 6. Nf3 O-O 7.
Bd3 Nbd7 8. O-O h6 9. Bh4 b6 10. Qe2 Bb7 11. Rac1 c5 12. Rfd1 dxc4 13. Bxc4 Ne4 14.
Nxe4 Bxe4 15. Bg3 Rc8 16. Ba6 Ra8 17. dxc5 Bxc5 18. Ne5 Nxe5 19. Rxd8 Rfxd8 20. Bxe5 Rd5 21. Bc3 Rg5 22. g3 Rd8 23. Rd1 Rgd5 24. Rxd5 Bxd5 25. h4 Bc6 26. Kh2 Rd5 27. Qg4 g6 28. Bc4 Rf5 29.
f4 Bxe3 30. Qd1 Bd5 31. Bd3 Rh5 32. Be2 Rf5 33. Bg4 Rxf4 34. gxf4 Bxf4+ 35. Kh3 h5 36. Bf3 1-0

[Event "Late-Titled-Tuesday-Blitz-March-12-2024"]
[Site "Chess.com"]
[Date "2024.03.12"]
[Round "5"]
[White "JosephRyan"]
[Black "SameerMujumdar"]
[Result "0-1"]
[WhiteElo "2208"]
[BlackElo "2537"]
[TimeControl "180+1"]
[EndTime "14:51:51 PDT"]
[Termination "SameerMujumdar won by resignation"]

1. e4 c6 2. Nf3 d5 3. d3 Bg4 4. h3 Bxf3 5. Qxf3 e6 6. Nd2 Nd7 7. g3 Ngf6 8. Bg2 Bc5 9. O-O O-O 10. Qe2 a5 11. a4 dxe4 12. Nxe4 Nxe4 13. Qxe4 Nf6 14.
Qh4 Qb6 15. b3 Bd4 16. Rb1 Rad8 17. Bg5 h6 18. Bxf6 Bxf6 19. Qe4 Rd4 20. Qe2 Rfd8 21. Kh2 Qc7 22. f4 g6 23. Rbe1 Kg7 24. Be4 b5 25. h4 h5 26. Qf3 bxa4 27. bxa4 Rxa4 28. Bxc6 Ra2 29. Re2 Rc8 30. Be4 Rxc2 31. Rff2 Rxe2 32. Rxe2 a4 33. g4 hxg4 34. Qxg4 Rh8 35. Kg3 Rxh4 36. Qf3 Rxf4 37. Qe3 Rxe4+ 0-1

[Event "Late-Titled-Tuesday-Blitz-March-12-2024"]
[Site "Chess.com"]
[Date "2024.03.12"]
[Round "5"]
[White "DryCounty"]
[Black "alexrustemov"]
[Result "1-0"]
[WhiteElo "2654"]
[BlackElo "2838"]
[TimeControl "180+1"]
[EndTime "14:51:54 PDT"]
[Termination "DryCounty won by resignation"]

1. e4 e6 2. d4 d5 3. exd5 exd5 4. Nf3 Bd6 5. c4 Nf6 6. Bg5 dxc4 7. Bxc4 O-O 8. O-O h6 9. Bh4 Nc6 10. h3 Re8 11. Nc3 Bf5 12. Qd2 Na5 13. Bb5 c6 14. Bd3 Bxd3 15. Qxd3 g5 16. Nxg5 hxg5 17. Bxg5 Be7 18.
Rae1 b6 19. Qf5 Nb7 20. Rxe7 Qxe7 21. Bxf6 Qf8 22. Qg5+ Kh7 23. Qh5+ 1-0

[Event "Late-Titled-Tuesday-Blitz-March-12-2024"]
[Site "Chess.com"]
[Date "2024.03.12"]
[Round "5"]
[White "Adar_07"]
[Black "RantomOpening"]
[Result "1-0"]
[WhiteElo "2808"]
[BlackElo "2584"]
[TimeControl "180+1"]
[EndTime "14:51:58 PDT"]
[Termination "Adar_07 won by resignation"]

1. e4 c5 2. Nf3 e6 3. d4 cxd4 4. Nxd4 Nf6 5. Nc3 Nc6 6. Ndb5 Bc5 7. Nd6+ Ke7 8. Bf4 e5 9. Nf5+ Kf8 10. Be3 Bxe3 11.
Nxe3 d6 12. Bc4 g6 13. g4 Kg7 14. g5 Nh5 15. h4 Nf4 16. Ncd5 Nxd5 17. Bxd5 Ne7 18. Bb3 h6 19. Qf3 Qf8 20. Qf6+ Kg8 21. h5 hxg5 22. O-O-O Be6 23. hxg6 Rxh1 24. Rxh1 Qg7 25.
Qxe7 Qxg6 26. Bxe6 fxe6 27. Ng4 Rf8 28. Nh6+ 1-0

[Event "Late-Titled-Tuesday-Blitz-March-12-2024"]
[Site "Chess.com"]
[Date "2024.03.12"]
[Round "5"]
[White "ArtemDyachuk"]
[Black "KorolDimitriy75"]
[Result "1-0"]
[WhiteElo "2687"]
[BlackElo "2430"]
[TimeControl "180+1"]
[EndTime "14:51:58 PDT"]
[Termination "ArtemDyachuk won on time"]

1. c4 c5 2. b3 g6 3. Bb2 Nf6 4. g3 Bg7 5. Bg2 O-O 6. e3 d5 7. cxd5 Nxd5 8. Bxg7 Kxg7 9. Qc2 Nb4 10. Qc3+ Kg8 11.
d4 Qa5 12. Nd2 cxd4 13. exd4 Bf5 14. Kf1 Qa6+ 15. Nc4 N8c6 16. Ne2 Rac8 17. d5 Nc2 18.
Rc1 N6b4 19. g4 Bd3 20. Bf3 b5 21. Rxc2 bxc4 22. Rd2 Nxa2 23. Qd4 cxb3 24. Rxd3 1-0

[Event "Late-Titled-Tuesday-Blitz-March-12-2024"]
[Site "Chess.com"]
[Date "2024.03.12"]
[Round "5"]
[White "only_strong_moves"]
[Black "lamomiajunior"]
[Result "0-1"]
[WhiteElo "2552"]
[BlackElo "2787"]
[TimeControl "180+1"]
[EndTime "14:51:59 PDT"]
[Termination "lamomiajunior won by resignation"]

1. Nc3 g6 2. h4 h5 3. d4 Bg7 4. Nf3 d6 5. Bg5 Nf6 6. Qd2 Nc6 7. O-O-O Bf5 8. d5 Nb8 9. Nd4 Bd7 10. e4 c5 11. Nf3 Ng4 12. Re1 a6 13. e5 dxe5 14. Ne4 f6 15. Nxc5 Qc7 16. Be3 Nxe3 17. Qxe3 Bh6 18.
Ng5 fxg5 19. hxg5 Bg7 20. f4 b6 21. Nb3 Bf5 22. Bd3 exf4 23. Qd2 O-O 24. Nd4 Bxd4 25. Bxf5 Be3 26. Rxe3 fxe3 27. Be6+ Kh7 28. Qd3 Qe5 29.
Rxh5+ Kg7 30. Rh6 Qxg5 0-1

[Event "Late-Titled-Tuesday-Blitz-March-12-2024"]
[Site "Chess.com"]
[Date "2024.03.12"]
[Round "5"]
[White "Smoking_Crow"]
[Black "ExchangeAB"]
[Result "1-0"]
[WhiteElo "2631"]
[BlackElo "2493"]
[TimeControl "180+1"]
[EndTime "14:52:01 PDT"]
[Termination "Smoking_Crow won by resignation"]

1. e4 c6 2. d4 d5 3. Nc3 dxe4 4. Nxe4 Nf6 5. Nxf6+ exf6 6. c3 Bd6 7. Bd3 O-O 8.
Qc2 Re8+ 9. Ne2 h6 10. O-O Qc7 11. Ng3 Nd7 12. Bd2 Nf8 13. c4 Bd7 14. a4 Bf4 15. Bc3 g6 16. Ne4 Bxh2+ 17. Kh1 Nh7 18. g3 f5 19. Nc5 Bxg3 20. fxg3 Qxg3 21. Qh2 Qxh2+ 22. Kxh2 Bc8 23. Rae1 Rxe1 24. Rxe1 Kf8 25. Bb4 b6 26. Ne6+ Kg8 27. Nc7 Rb8 28. Re8+ Kg7 29. Bd6 Nf6 30. Be5 b5 31. Rd8 1-0

[Event "Late-Titled-Tuesday-Blitz-March-12-2024"]
[Site "Chess.com"]
[Date "2024.03.12"]
[Round "5"]
[White "andrew-blr"]
[Black "BlueWizzard"]
[Result "0-1"]
[WhiteElo "2640"]
[BlackElo "2882"]
[TimeControl "180+1"]
[EndTime "14:52:04 PDT"]
[Termination "BlueWizzard won by resignation"]

1. d4 g6 2. c4 Bg7 3. e4 Nc6 4. Ne2 e6 5. Nbc3 Nge7 6. h4 d5 7. cxd5 exd5 8. e5 f6 9. exf6 Bxf6 10. h5 Bf5 11. hxg6 hxg6 12. Rxh8+ Bxh8 13. Be3 Qd7 14. Ng3 O-O-O 15. Bb5 Qd6 16. Qa4 a6 17. Bxc6 Nxc6 18. O-O-O Bd7 19. Qc2 Re8 20. Rh1 Nxd4 21. Qd2 c5 22.
Rxh8 Rxh8 23. Bxd4 cxd4 24. Qxd4 Rf8 25. Nxd5 Bc6 26.
Qg4+ Kb8 27. Qb4 Qxb4 28. Nxb4 Rxf2 29. Nxc6+ bxc6 30. a4 Rxg2 31. Ne4 Rg4 32. Nc5 Rc4+ 33. Kd2 Rxc5 0-1

[Event "Late-Titled-Tuesday-Blitz-March-12-2024"]
[Site "Chess.com"]
[Date "2024.03.12"]
[Round "5"]
[White "Defenstrator"]
[Black "chessamical"]
[Result "1-0"]
[WhiteElo "2427"]
[BlackElo "2224"]
[TimeControl "180+1"]
[EndTime "14:52:04 PDT"]
[Termination "Defenstrator won by resignation"]

1. Nf3 d5 2. Ne5 Nd7 3. Nxd7 Bxd7 4. d4 Bf5 5. c4 e6 6. Nc3 c6 7. g3 Nf6 8. Bg2 Be7 9. O-O O-O 10. f3 Bg6 11. e4 c5 12. cxd5 cxd4 13. Qxd4 exd5 14. e5 Rc8 15. Qd1 Nd7 16. f4 f5 17. Qxd5+ Kh8 18. Rd1 Qb6+ 19. Kh1 Nc5 20. Be3 Rfd8 21.
Qc4 Nd3 1-0